 Dungeon Crawl Stone Soup version 0.19-a0-36-g4a0968a (webtiles) character file.

28 Gottschkopf the Insei (level 3, -2/26 HPs)
             Began as a Merfolk Transmuter on May 4, 2016.
             Slain by a hobgoblin
             ... wielding a +0 club
              (4 damage)
             ... on level 1 of the Dungeon.
             The game lasted 00:02:56 (855 turns).

Gottschkopf the Insei (Merfolk Transmuter)           Turns: 855, Time: 00:02:57

Health: -2/26      AC:  2    Str: 10    XL:     3   Next: 12%
Magic:  5/6        EV: 13    Int: 12    God:
Gold:   34         SH:  0    Dex: 15    Spells: 1 memorised, 5 levels left

rFire  . . .     SeeInvis .       - Unarmed
rCold  . . .     Gourm    .     b - +0 robe
rNeg   . . .     Faith    .     (no shield)
rPois  .         Spirit   .     (no helmet)
rElec  .         Dismiss  .     (no cloak)
rCorr  .         Reflect  .     (no gloves)
SustAt .         Harm     .     (no boots)
MR     .....                    (no amulet)
Stlth  +.........               (no ring)
                                (no ring)

@: appendage, not resistant to hostile enchantments, very unstealthy
A: change form in water, swift swim, horns 2
a: End Transformation


You were on level 1 of the Dungeon.
You were not hungry.
You had grown temporary horns.
You visited 1 branch of the dungeon, and saw 1 of its levels.

You collected 34 gold pieces.

Inventory:

Missiles
 a - 44 arrows
Armour
 b - a +0 robe (worn)
Scrolls
 e - 2 scrolls of identify {unknown}
 f - a scroll of noise {unknown}
Potions
 j - a potion of heal wounds {unknown}
Books
 c - a book of Changes

   Spells                             Type                      Level
   a - Beastly Appendage              Transmutation                1
   b - Sticks to Snakes               Transmutation                2
   c - Spider Form                    Transmutation/Poison         3
   d - Ice Form                       Ice/Transmutation            4
   e - Blade Hands                    Transmutation                5
Comestibles
 d - a bread ration
 h - 2 meat rations
 i - a slice of pizza


   Skills:
 - Level 1.1 Fighting
 - Level 2.6 Dodging
 * Level 4.6 Unarmed Combat
 - Level 2.0 Spellcasting
 - Level 2.6 Transmutations


You had 5 spell levels left.
You knew the following spells:

 Your Spells              Type           Power        Failure   Level  Hunger
a - Beastly Appendage     Trmt           #.....       12%         1    ##.....


Dungeon Overview and Level Annotations

Branches:
Dungeon (1/15)

Altars:


Innate Abilities, Weirdness & Mutations

You revert to your normal form in water.
You are very nimble and swift while swimming.
You have a pair of horns on your head.


Message History

* * * LOW HITPOINT WARNING * * *
You are too injured to fight recklessly!
You are too injured to fight recklessly!
You are too injured to fight recklessly!
You are too injured to fight recklessly!
You see here a bat corpse.
The dart slug launches a dart at you. The slug dart hits you!
* * * LOW HITPOINT WARNING * * *
You see here a glowing spear.
The dart slug launches a dart at you. The slug dart misses you.
The hobgoblin hits you with a club.
* * * LOW HITPOINT WARNING * * *
Casting: Beastly Appendage
Confirm with . or Enter, or press ? or * to list all spells.
You grow a pair of large bovine horns.
The hobgoblin barely misses you.
You closely miss the hobgoblin. Your headbutt misses the hobgoblin.
The hobgoblin hits you with a club.
You die...

#################################
.#..........# .#.########.####
##### ##### #### ......#####....#
#...# #...# #... ...##.##.......#
#...# #.^.# #.♣.
...............###...###...###...
.................................
..#............................<.
#.##.......>...g@................
...............###...###...###...
#.#............# #.^.# #)..# #.♣.
..#............# #...# #...# #...
#.#.#.......#### ##### ##### ####
...(......#.# ..........#.#
########## #.....(...#.#
#......... .....(....#.#
###'########


You could see a hobgoblin.

Vanquished Creatures
  2 giant geckos (D:1)
  4 bats (D:1)
  3 goblins (D:1)
  4 hobgoblins (D:1)
  A giant newt (D:1)
  3 kobolds (D:1)
  8 rats (D:1)
25 creatures vanquished.

Notes
Turn   | Place    | Note
--------------------------------------------------------------
     0 | D:1      | Gottschkopf the Merfolk Transmuter began the quest for the Orb.
     0 | D:1      | Reached XP level 1. HP: 15/15 MP: 3/3
   239 | D:1      | Reached XP level 2. HP: 21/21 MP: 3/5
   268 | D:1      | Reached skill level 4 in Unarmed Combat
   752 | D:1      | Reached XP level 3. HP: 17/26 MP: 6/6
   827 | D:1      | HP: 1/26 [dart slug/slug dart (6)]
   855 | D:1      | Slain by a hobgoblin

Vault maps used:
D:1:      minmay_arrival_hallway

Skill      XL: |  1  2 |
---------------+-------+-----
Unarmed Combat | 4 |  4.6
Fighting       | |  1.1
Dodging        | |  2.6
Spellcasting   | |  2.0
Transmutations | |  2.6

Action                   || total
-------------------------++-------
Melee: Unarmed           ||    66
       Headbutt          ||     6
       Punch             ||     1
 Cast: Beastly Appendage ||    14
 Stab: Sleeping          ||     3
Armor: Robe              ||    16
Dodge: Dodged            ||    45
